 Dungeon Crawl Stone Soup version 0.23.2-1-ga50397a6bc (webtiles) character file.

Game seed: 776349175231525598

11963 Tinylith the Arsonist (level 11, -5/62 HPs)
             Began as a Deep Elf Fire Elementalist on May 14, 2019.
             Was a High Priest of Ru.
             Killed from afar by a rime drake (19 damage)
             ... with a flash freeze
             ... on level 3 of the Lair of Beasts.
             The game lasted 01:01:10 (15321 turns).

Tinylith the Arsonist (Deep Elf Fire Elementalist) Turns: 15321, Time: 01:01:10

Health: -5/62      AC: 11    Str:  5    XL:     11   Next: 56%
Magic:  22/25      EV: 16    Int: 24    God:    Ru [*****.]
Gold:   766        SH:  3    Dex: 15    Spells: 8/27 levels left

rFire    + + .     SeeInvis .   a - staff of fire
rCold    . . .     Gourm    .   (shield unavailable)
rNeg     . . .     Faith    .   e - +2 leather armour {rF+}
rPois    +         Spirit   .   F - +0 helmet (curse)
rElec    .         Reflect  +   l - +0 cloak
rCorr    .         Harm     .   A - +2 pair of gloves
MR       +....                  E - -1 pair of boots (curse)
Stlth    ..........             s - +3 amulet of reflection
HPRegen  0.20/turn              (ring unavailable)
MPRegen  0.19/turn              k - ring of poison resistance

@: no status effects
A: missing a hand, no stealth, no charms magic, no poison magic, no
transmutations magic
a: Draw Out Power, Power Leap, Apocalypse, Renounce Religion


You were on level 3 of the Lair of Beasts.
You worshipped Ru.
Ru was extremely pleased with you.
You were not hungry.

You visited 3 branches of the dungeon, and saw 14 of its levels.

You collected 766 gold pieces.

Inventory:

Hand Weapons
 b - a +7 double sword
Armour
 e - a +2 leather armour of fire resistance (worn)
 l - a +0 cloak (worn)
 A - a +2 pair of gloves (worn)
 E - a cursed -1 pair of boots (worn)
 F - a cursed +0 helmet (worn)
Magical Staves
 a - an uncursed staff of fire (weapon)
Jewellery
 k - a ring of poison resistance (right hand)
 p - an uncursed ring of protection from magic
 s - a +3 amulet of reflection (around neck)
 B - an uncursed ring of protection from cold
Wands
 d - a wand of digging (2)
 q - a wand of disintegration (8)
 u - a wand of paralysis (10)
 w - a wand of enslavement (9)
Scrolls
 f - a scroll of magic mapping
 g - 2 scrolls of enchant armour
 h - a scroll of amnesia
 i - a scroll of fear
 j - a scroll of vulnerability
 m - 3 scrolls of blinking
 n - 7 scrolls of remove curse
 x - 6 scrolls of teleportation
 D - a scroll of torment
Potions
 o - a potion of flight
 r - a potion of magic
 t - 4 potions of curing
 v - 4 potions of agility
 y - a potion of invisibility
 z - 2 potions of mutation
 C - 2 potions of ambrosia
 G - a potion of haste
 H - a potion of cancellation {unknown}
Comestibles
 c - 10 rations


   Skills:
 + Level 4.3 Fighting
 + Level 5.1 Armour
 + Level 7.9 Dodging
   Level 0.0 Shields
 + Level 8.5 Spellcasting
 * Level 9.5 Conjurations
 - Level 3.0 Necromancy
 * Level 10.1 Fire Magic


You had 8 spell levels left.
You knew the following spells:

 Your Spells              Type           Power        Failure   Level  Hunger
a - Iskenderun's Mystic   Conj           ######..     1%          4    ##.....
b - Fireball              Conj/Fire      ######....   4%          5    ####...
c - Conjure Flame         Conj/Fire      ######..     1%          3    None
f - Throw Flame           Conj/Fire      ######       1%          2    None
s - Sticky Flame          Conj/Fire      ######..     1%          4    ##.....
z - Animate Skeleton      Necr           N/A          2%          1    None

Your spell library contained the following spells:

 Spells                   Type           Power        Failure   Level  Hunger
 Flame Tongue             Conj/Fire      #####        1%          1    None
 Magic Dart               Conj           ####         1%          1    None
 Searing Ray              Conj           ######       1%          2    None
 Inner Flame              Hex/Fire       ######..     3%          3    None
 Dazzling Spray           Conj/Hex       ####..       4%          3    None
 Stone Arrow              Conj/Erth      ####..       4%          3    None
 Apportation              Tloc           ##....       10%         1    None
 Confusing Touch          Hex            ##....       10%         1    None
 Sandblast                Erth           ##....       10%         1    None
 Summon Small Mammal      Summ           ##..         10%         1    None
 Force Lance              Conj/Tloc      ####....     13%         4    ##.....
 Fulminant Prism          Conj/Hex       ####......   13%         4    ##.....
 Confuse                  Hex            ##......     28%         3    None
 Gell's Gravitas          Tloc           ##........   28%         3    None
 Lee's Rapid Deconstruct  Erth           ##........   95%         5    ####...
 Metabolic Englaciation   Hex/Ice        ##........   95%         5    ####...
 Beastly Appendage        Tmut           Unusable     N/A         1    N/A
 Passwall                 Tmut/Erth      Unusable     N/A         2    N/A
 Sticks to Snakes         Tmut           Unusable     N/A         2    N/A
 Spider Form              Tmut/Pois      Unusable     N/A         3    N/A
 Ice Form                 Ice/Tmut       Unusable     N/A         4    N/A
 Petrify                  Tmut/Erth      Unusable     N/A         4    N/A
 Blade Hands              Tmut           Unusable     N/A         5    N/A
 Yara's Violent Unravell  Hex/Tmut       Unusable     N/A         5    N/A

Dungeon Overview and Level Annotations

Branches:
Dungeon (10/15)            Temple (1/1) D:7            Lair (2/6) D:9
    Orc (0/2) D:10
  Swamp: Lair:2-4    Shoals: Lair:2-4     Snake: Lair:2-4    Spider: Lair:2-4

Altars:
Ashenzari
Cheibriados
Dithmenos
Elyvilon
Fedhas
Gozag
Hepliaklqana
Kikubaaqudgha
Makhleb
Nemelex Xobeh
Okawaru
Qazlal
Ru
Sif Muna
Trog
Uskayaw
Vehumet
Wu Jian
Xom
Yredelemnul
Zin
The Shining One

Annotations:
Lair:1 2 runed translucent doors, CrazyMind's ghost, journeyman MfGl


Innate Abilities, Weirdness & Mutations

You are missing a hand.
You cannot be stealthy.
You cannot study or cast Charms magic.
You cannot study or cast Poison magic.
You cannot study or cast Transmutations magic.


Message History

The seven-headed hydra burns!
The seven-headed hydra bites you!
The seven-headed hydra bites you but does no damage. x2
The seven-headed hydra bites you! x2; The seven-headed hydra bites you.
The seven-headed hydra bites you!
* * * LOW HITPOINT WARNING * * *
Okay, then.
Okay, then.
The seven-headed hydra burns!
The seven-headed hydra burns!
A komodo dragon comes into view.
All of the chunks of flesh in your inventory have rotted away.
Unknown command.
The komodo dragon hisses angrily.
You hear an angry hiss.
The seven-headed hydra burns!
A rime drake comes into view.
Unknown command.
The seven-headed hydra burns!
The seven-headed hydra stops burning.
The rime drake breathes ice at you. The flash freeze hits you!!
You die...

#............
.... .......
.... ..... #..
#... #
##F##..##
#PP#...#...#
...........#
........D..###
..........#@.#
#..##.P#..#...#
. #######....#
##P...# ...l..
##..... #k...
#...


You could see a seven-headed hydra, a komodo dragon, a spiny frog and a rime
drake.

Vanquished Creatures
  3 death yaks
  A deep elf mage (D:6)
  A black mamba (Lair:1)
  3 spiny frogs (Lair:1)
  A komodo dragon (Lair:1)
  A kobold demonologist (D:7)
  A troll (D:10)
  3 hippogriffs
  9 yaks
  A basilisk (Lair:1)
  4 hungry ghosts
  A two-headed ogre zombie (D:10)
  4 water moccasins
  4 porcupines
  3 sky beasts
  Duvessa (D:4)
  An ice beast (D:6)
  An orc warrior (D:5)
  4 ogres
  A necrophage (D:8)
  2 phantoms
  2 centaurs (D:5)
  2 crocodiles (Lair:1)
  7 bullfrogs
  A wyvern skeleton (D:6)
  Dowan (D:4)
  3 scorpions
  9 wights
  A howler monkey (D:9)
  A bullfrog zombie (D:8)
  5 crimson imps
  4 hounds
  A jelly (D:7)
  2 orc priests
  A quasit (D:5)
  2 orc wizards
  A bullfrog skeleton (D:8)
  Crazy Yiuf (D:3)
  3 iguanas
  Natasha (thrice) (D:3)
  3 worker ants
  A hell rat (D:9)
  7 ogre zombies (D:10)
  4 gnolls
  8 adders
  A river rat (D:9)
  2 shadow imps
  An adder skeleton (D:8)
  3 dart slugs (D:2)
  6 leopard geckos
  21 orcs
  6 bats
  9 giant cockroaches
  2 goblins (D:1)
  11 hobgoblins
  9 jackals
  11 quokkas
  A ball python (D:1)
  3 frilled lizards
  2 goblin skeletons (D:10)
  3 goblin zombies (D:10)
  A hobgoblin skeleton (D:10)
  3 hobgoblin zombies (D:10)
  9 kobolds
  3 orc skeletons (D:10)
  13 orc zombies (D:10)
  A quokka skeleton (D:8)
  10 rats
254 creatures vanquished.

Vanquished Creatures (collateral kills)
  A hippogriff (D:9)
  A human (D:8)
  A sky beast (D:8)
  A bullfrog (D:6)
  A scorpion (D:6)
  A jelly (D:5)
  An orc priest (D:6)
  An adder skeleton (D:9)
  An orc (D:7)
  A leopard gecko skeleton (D:4)
10 creatures vanquished.

Vanquished Creatures (others)
  Urug (D:10)
  A hornet (D:9)
  A quokka (D:7)
3 creatures vanquished.

Grand Total: 267 creatures vanquished

Notes
Turn   | Place    | Note
-------+----------+-------------------------------------------
     0 | D:1      | Tinylith the Deep Elf Fire Elementalist began the quest for
                  | the Orb.
     0 | D:1      | Reached XP level 1. HP: 10/10 MP: 6/6
   266 | D:1      | Reached XP level 2. HP: 15/15 MP: 6/8
   270 | D:1      | Learned a level 2 spell: Throw Flame
  1017 | D:1      | Reached XP level 3. HP: 18/19 MP: 4/9
  1351 | D:2      | Learned a level 3 spell: Conjure Flame
  1502 | D:2      | Found a snail-covered altar of Cheibriados.
  1664 | D:2      | Reached skill level 4 in Fire Magic
  1748 | D:2      | Reached skill level 1 in Shields
  1833 | D:2      | Reached XP level 4. HP: 24/24 MP: 8/11
  1839 | D:2      | Learned a level 4 spell: Sticky Flame
  2332 | D:3      | Found a runed translucent door.
  2333 | D:3      | Noticed Crazy Yiuf
  2351 | D:3      | Killed Crazy Yiuf
  2902 | D:3      | Noticed Natasha
  2906 | D:3      | Killed Natasha
  2906 | D:3      | Reached XP level 5. HP: 28/28 MP: 4/12
  3404 | D:3      | Noticed Natasha
  3409 | D:3      | Killed Natasha
  3427 | D:3      | Noticed Natasha
  3435 | D:3      | Killed Natasha
  3825 | D:4      | Noticed a phantom
  3841 | D:4      | Killed a phantom
  3841 | D:4      | Reached XP level 6. HP: 23/32 MP: 0/14
  3932 | D:4      | Learned a level 1 spell: Animate Skeleton
  4114 | D:4      | Noticed Duvessa
  4139 | D:4      | Found a shadowy altar of Dithmenos.
  4732 | D:4      | Noticed Dowan
  4751 | D:4      | Killed Duvessa
  4751 | D:4      | Reached skill level 1 in Necromancy
  4751 | D:4      | Reached skill level 5 in Fire Magic
  4751 | D:4      | Reached XP level 7. HP: 6/36 MP: 0/15
  4958 | D:4      | Killed Dowan
  5027 | D:5      | Entered Level 5 of the Dungeon
  5207 | D:5      | Found a sacrificial altar of Ru.
  5233 | D:5      | Became a worshipper of Ru the Awakened
  5277 | D:5      | Found a hazy altar of Hepliaklqana.
  6210 | D:6      | Reached XP level 8. HP: 42/42 MP: 11/17
  6214 | D:6      | Reached skill level 1 in Fighting
  6214 | D:6      | Reached skill level 5 in Spellcasting
  6551 | D:6      | Reached skill level 6 in Fire Magic
  6563 | D:5      | Reached skill level 5 in Conjurations
  6670 | D:6      | Reached skill level 5 in Stealth
  6758 | D:6      | Learned a level 5 spell: Fireball
  6943 | D:6      | Reached skill level 1 in Armour
  7074 | D:6      | Gained mutation: You are missing a hand. [Ru sacrifice]
  7074 | D:6      | Reached * piety under Ru
  7074 | D:6      | Reached ** piety under Ru
  7074 | D:6      | Reached *** piety under Ru
  7117 | D:6      | Reached skill level 5 in Dodging
  7479 | D:6      | Noticed a deep elf mage
  7490 | D:6      | Killed a deep elf mage
  7490 | D:6      | Reached XP level 9. HP: 48/48 MP: 4/19
  8325 | D:7      | Found a staircase to the Ecumenical Temple.
  8334 | Temple   | Entered the Ecumenical Temple
  8706 | D:7      | Reached skill level 7 in Fire Magic
  8799 | D:7      | Noticed a kobold demonologist
  8815 | D:7      | Killed a kobold demonologist
  8880 | D:7      | Found an ancient bone altar of Kikubaaqudgha.
  8883 | D:7      | Found a white marble altar of Elyvilon.
  8886 | D:7      | Found a hide-covered altar of Uskayaw.
  9532 | D:8      | You fall through a shaft for 2 floors!
  9532 | D:10     | Entered Level 10 of the Dungeon
  9902 | D:10     | Found a staircase to the Orcish Mines.
 10070 | D:10     | Reached XP level 10. HP: 54/54 MP: 5/21
 10293 | D:10     | Reached skill level 8 in Fire Magic
 10476 | D:10     | Gained mutation: You cannot study or cast Poison magic. [Ru
                  | sacrifice]
 10476 | D:10     | Gained mutation: You cannot study or cast Transmutations
                  | magic. [Ru sacrifice]
 10476 | D:10     | Gained mutation: You cannot study or cast Charms magic. [Ru
                  | sacrifice]
 10476 | D:10     | Reached **** piety under Ru
 10722 | D:10     | Learned a level 4 spell: Iskenderun's Mystic Blast
 10744 | D:10     | Noticed Urug
 10760 | D:10     | Killed Urug
 11150 | D:9      | Noticed a death yak
 11152 | D:9      | Noticed a death yak
 11191 | D:9      | Killed a death yak
 11590 | D:8      | Found a shadowy altar of Dithmenos.
 11821 | D:8      | Found a shattered altar of Ashenzari.
 11903 | D:8      | Found a shimmering altar of Xom.
 11908 | D:8      | Found a shimmering altar of Xom.
 11912 | D:8      | Found a shimmering altar of Xom.
 11913 | D:8      | Found a shimmering altar of Xom.
 12333 | D:8      | Reached skill level 9 in Fire Magic
 12826 | D:9      | Noticed a death yak
 12850 | D:9      | Killed a death yak
 12875 | D:8      | Killed a death yak
 12875 | D:8      | Reached XP level 11. HP: 45/60 MP: 3/24
 13079 | D:9      | Gained mutation: You cannot be stealthy. [Ru sacrifice]
 13079 | D:9      | Reached ***** piety under Ru
 13327 | D:9      | Found a staircase to the Lair.
 13693 | Lair:1   | Entered Level 1 of the Lair of Beasts
 14209 | Lair:1   | Found a large runed translucent door.
 14209 | Lair:1   | Found a large runed translucent door.
 14210 | Lair:1   | Noticed CrazyMind's ghost (journeyman MfGl)
 14511 | Lair:1   | Reached skill level 5 in Armour
 14652 | Lair:1   | Reached skill level 10 in Fire Magic
 15316 | Lair:2   | You fall through a shaft!
 15316 | Lair:3   | Noticed a seven-headed hydra
 15321 | Lair:3   | Killed from afar by a rime drake

Skill      XL: |  1  2  3  4  5  6  7  8  9 10 11 |
---------------+----------------------------------+-----
Fire Magic     | 4 5 6 7 9 10 | 10.1
Conjurations   | 2 3 4 5 7 8 9 |  9.5
Shields        | 1 2 3 0 |  0.0
Stealth        | 3 4 5 6 0 |  0.0
Dodging        | 3 4 5 6 7 |  7.9
Spellcasting   | 4 5 6 7 8 |  8.5
Necromancy     | 1 2 3 |  3.0
Fighting       | 1 2 3 4 |  4.3
Armour         | 1 3 4 5 |  5.1

Action                   |  1- 3 |  4- 6 |  7- 9 | 10-12 || total
-------------------------+-------+-------+-------+-------++-------
Melee: Club              |    16 |       |       |       ||    16
       Trident           |       |    13 |   122 |       ||   135
       Whip              |       |       |    88 |       ||    88
       Staff             |       |       |    16 |     4 ||    20
       Quick blade       |       |       |     6 |    54 ||    60
       Double sword      |       |       |       |    68 ||    68
 Fire: Hunting sling     |    46 |    54 |    81 |     4 ||   185
Throw: Stone             |     1 |       |       |       ||     1
 Cast: Flame Tongue      |    55 |    71 |    21 |       ||   147
       Sticky Flame      |       |     4 |    38 |    48 ||    90
       Conjure Flame     |       |     2 |       |       ||     2
       Throw Flame       |       |     2 |    52 |   144 ||   198
       Animate Skeleton  |       |     3 |    26 |    29 ||    58
       Fireball          |       |       |     3 |     4 ||     7
Invok: Sacrifice a Hand  |       |       |     1 |       ||     1
       Sacrifice Arcana  |       |       |       |     1 ||     1
       Sacrifice Stealth |       |       |       |     1 ||     1
Evoke: Wand              |       |       |     4 |       ||     4
  Use: Scroll            |       |     5 |    13 |     6 ||    24
       Potion            |       |       |     1 |       ||     1
 Stab: Sleeping          |       |       |     4 |     1 ||     5
       Distracted        |       |       |     1 |     1 ||     2
       Invisible         |       |       |       |     1 ||     1
  Eat: Chunk             |     3 |     9 |    21 |    20 ||    53
       Ration            |       |       |     2 |     2 ||     4
Armor: Robe              |    11 |     4 |    14 |       ||    29
       Leather armour    |       |       |    39 |    42 ||    81
Dodge: Dodged            |    31 |    35 |   171 |   101 ||   338
Block: Buckler           |     3 |     4 |    35 |       ||    42
       Other             |       |       |       |     2 ||     2
       Rpst.: Double sword |       |       |       |    16 ||    16
